 Dungeon Crawl Stone Soup version 0.19.0-2-gae57169 (webtiles) character file.

1120 tv1990 the Cleaver (level 8, -4/52 HPs)
             Began as a Formicid Berserker on Nov 5, 2016.
             Was a Believer of Trog.
             Slain by an orc warrior
             ... wielding a +0 trident
              (13 damage)
             ... on level 6 of the Dungeon.
             The game lasted 00:10:12 (5421 turns).

tv1990 the Cleaver (Formicid Berserker)             Turns: 5421, Time: 00:10:13

Health: -4/52      AC:  9    Str: 25    XL:     8   Next: 61%
Magic:  8/8        EV: 14    Int:  7    God:    Trog [**....]
Gold:   299        SH:  0    Dex: 10    Spells: 0 memorised, 7 levels left

rFire  . . .     SeeInvis +     a - +0 hand axe
rCold  . . .     Gourm    .     g - +0 chain mail
rNeg   . . .     Faith    .     (no shield)
rPois  .         Spirit   .     (helmet unavailable)
rElec  .         Reflect  .     (no cloak)
rCorr  .         Harm     .     C - +0 pair of gloves
MR     ++...                    (no boots)
Stlth  ..........               (no amulet)
                                E - ring "Cepeh" {EV+6 Str+3}
                                J - ring of flight (curse)

@: regenerating
A: permanent stasis, dig shafts and tunnels, four strong arms, antennae 3,
clumsy 1, frail 1
a: Dig, Shaft Self, Trog's Hand, Burn Spellbooks, Renounce Religion, Evoke
Flight


You were on level 6 of the Dungeon.
You worshipped Trog.
Trog was pleased with you.
You were not hungry.

You visited 1 branch of the dungeon, and saw 6 of its levels.

You collected 299 gold pieces.

Inventory:

Hand Weapons
 a - a +0 hand axe (weapon)
Armour
 b - a +0 animal skin
 g - a +0 chain mail (worn)
 C - a +0 pair of gloves (worn)
Jewellery
 B - an uncursed ring of stealth
 E - the ring "Cepeh" (right hand) {EV+6 Str+3}
   (You found it on level 5 of the Dungeon)

   [ring of evasion]

   It affects your evasion (+6).
   It affects your strength (+3).
 J - a cursed ring of flight (left hand)
Scrolls
 d - 6 scrolls of identify {unknown}
 e - 3 scrolls of teleportation {unknown}
 i - 3 scrolls of remove curse {unknown}
 j - 3 scrolls of blinking {unknown}
 k - a scroll of immolation {unknown}
 q - 3 scrolls of noise {unknown}
 r - a scroll of fear {unknown}
 s - 3 scrolls of magic mapping {unknown}
 t - a scroll of enchant armour {unknown}
 y - 3 scrolls of enchant weapon {unknown}
 D - 2 scrolls of recharging {unknown}
Potions
 f - 2 potions of mutation {unknown}
 h - 7 potions of curing {unknown}
 l - a potion of berserk rage {unknown}
 m - a potion of beneficial mutation {unknown}
 n - 2 potions of resistance {unknown}
 o - a potion of heal wounds {unknown}
 v - a potion of agility {unknown}
 w - a potion of might {unknown}
 x - 3 potions of lignification {unknown}
 G - a potion of cancellation {unknown}
 H - a potion of brilliance {unknown}
Comestibles
 c - 3 bread rations
 p - a royal jelly
 u - a meat ration
 z - a beef jerky
 A - a slice of pizza
 F - 2 chunks of flesh


   Skills:
 - Level 3.2 Fighting
 + Level 10.0 Axes
 - Level 2.1 Armour
 - Level 1.7 Dodging


You had 7 spell levels left.
You didn't know any spells.

Dungeon Overview and Level Annotations

Branches:
Dungeon (6/15)
 Temple: D:4-7

Altars:
Ashenzari
Dithmenos
Elyvilon
Fedhas
Kikubaaqudgha
Ru
Vehumet
Yredelemnul
Zin

Annotations:
D:4 exclusion: oklob plant


Innate Abilities, Weirdness & Mutations

You are under a permanent stasis effect.
You can dig through walls and to a lower floor.
Your four strong arms can wield two-handed weapons with a shield.
You have a pair of large antennae on your head. (SInv)
You are clumsy. (Dex -2)
You are frail. (-10% HP)


Message History

The orc warrior hits you with a trident!
* * * LOW HITPOINT WARNING * * *
You hit the orc warrior.
The orc warrior is lightly wounded.
The orc warrior hits you with a trident!
* * * LOW HITPOINT WARNING * * *
You hit the orc warrior.
The orc warrior is moderately wounded.
The orc warrior hits you with a trident!
* * * LOW HITPOINT WARNING * * *
You slash the orc warrior!
The orc warrior is heavily wounded.
You hit the orc warrior but do no damage.
The orc warrior is heavily wounded.
The orc warrior hits you with a trident.
* * * LOW HITPOINT WARNING * * *
You hit the orc warrior but do no damage.
The orc warrior is heavily wounded.
The orc warrior hits you with a trident!
You die...

#...............{........
#...#.##.........{.o.....
+.....##....#####........
#...####....# #........
.#...####....#####..{.....
.#........................
.####.##########{########.
.# #.# ##o# .# #.# #@## .#
#.# ### .####.# ......#
.###### .# .# .# .#


You could see an orc warrior.

Vanquished Creatures
  A sky beast (D:5)
  4 ogres
  2 centaurs (D:5)
  A scorpion (D:4)
  2 crimson imps (D:5)
  An orc priest (D:5)
  A hound (D:6)
  3 orc wizards
  3 worker ants
  Terence (D:3)
  7 adders
  A shadow imp (D:5)
  An ooze (D:1)
  An adder skeleton (D:4)
  3 worms (D:2)
  6 dart slugs
  A leopard gecko (D:5)
  6 orcs
  A ball python (D:1)
  9 bats
  3 giant cockroaches
  3 goblins
  8 hobgoblins
  6 jackals
  4 kobolds
  A quokka (D:4)
  6 frilled lizards
  A jackal skeleton (D:4)
  A jackal zombie (D:5)
  A leopard gecko zombie (D:5)
  A quokka zombie (D:5)
  4 rats
94 creatures vanquished.

Notes
Turn   | Place    | Note
-------+----------+-------------------------------------------
     0 | D:1      | tv1990 the Formicid Berserker began the quest for the Orb.
     0 | D:1      | Reached XP level 1. HP: 18/18 MP: 1/1
   103 | D:1      | Reached XP level 2. HP: 21/24 MP: 2/2
   404 | D:1      | Reached skill level 4 in Axes
   404 | D:1      | Reached XP level 3. HP: 26/29 MP: 3/3
  1054 | D:2      | Found a faded altar of an unknown god.
  1054 | D:2      | Found a faded altar of an unknown god.
  1059 | D:2      | Found a faded altar of an unknown god.
  1061 | D:2      | Found a glowing silver altar of Zin.
  1063 | D:2      | Found a faded altar of an unknown god.
  1140 | D:2      | Reached XP level 4. HP: 29/35 MP: 4/4
  1424 | D:3      | Reached ** piety under Trog
  1441 | D:3      | Reached skill level 5 in Axes
  1708 | D:3      | Reached XP level 5. HP: 41/41 MP: 5/5
  1791 | D:3      | Noticed Terence
  1809 | D:3      | Killed Terence
  2138 | D:4      | Reached skill level 6 in Axes
  2138 | D:4      | Reached XP level 6. HP: 25/47 MP: 6/6
  2341 | D:4      | Noticed an ogre
  2355 | D:4      | Killed an ogre
  2519 | D:4      | Found a blossoming altar of Fedhas.
  2540 | D:4      | Noticed an oklob plant
  2641 | D:4      | Reached skill level 7 in Axes
  3021 | D:4      | Reached XP level 7. HP: 33/52 MP: 7/7
  3969 | D:5      | Entered Level 5 of the Dungeon
  4118 | D:5      | Got a sparkling steel ring
  4119 | D:5      | Identified the ring "Cepeh" {EV+6 Str+3} (You found it on level 5 of the Dungeon)
  4154 | D:5      | Reached skill level 8 in Axes
  4514 | D:5      | Reached skill level 9 in Axes
  4514 | D:5      | Reached XP level 8. HP: 35/58 MP: 8/8
  4575 | D:5      | Gained mutation: You are clumsy. (Dex -2) [mutagenic meat]
  4576 | D:5      | Gained mutation: You are frail. (-10% HP) [mutagenic meat]
  4577 | D:5      | Gained mutation: Your spells are a little harder to cast, but a little more powerful. [mutagenic meat]
  4578 | D:5      | Lost mutation: Your spells are a little harder to cast, but a little more powerful. [mutagenic meat]
  5143 | D:5      | Found a basalt altar of Yredelemnul.
  5150 | D:5      | Found an ancient bone altar of Kikubaaqudgha.
  5157 | D:5      | Found a shadowy altar of Dithmenos.
  5164 | D:5      | Found a radiant altar of Vehumet.
  5171 | D:5      | Found a shattered altar of Ashenzari.
  5176 | D:5      | Found a white marble altar of Elyvilon.
  5187 | D:5      | Found a sacrificial altar of Ru.
  5289 | D:6      | Reached skill level 10 in Axes
  5421 | D:6      | Slain by an orc warrior

Skill      XL: |  1  2  3  4  5  6  7  8 |
---------------+-------------------------+-----
Axes           | 4 5 6 7 9 10 | 10.0
Fighting       | |  3.2
Armour         | |  2.1
Dodging        | |  1.7

Action                   |  1- 3 |  4- 6 |  7- 9 || total
-------------------------+-------+-------+-------++-------
Melee: Hand axe          |   111 |   221 |   236 ||   568
Invok: Trog's Hand       |       |     3 |     3 ||     6
 Abil: Dig               |       |     1 |     5 ||     6
  Eat: Chunk             |     1 |     7 |    14 ||    22
Armor: Chain mail        |    69 |    92 |    72 ||   233
Dodge: Dodged            |    65 |    80 |   110 ||   255

Table legend:
 A = Turns spent in this place as a percentage of turns spent in the entire game.
 B = Non-inter-level travel turns spent in this place as a percentage of non-inter-level travel turns spent in the entire game.
 C = Inter-level travel turns spent in this place as a percentage of turns spent in this place.
 D = Turns resting spent in this place as a percentage of non-inter-level travel turns spent in this place.
 E = Turns spent auto-exploring this place as a percentage of non-inter-level travel turns spent in this place.
 F = Non-inter-level travel turns spent in this place divided by the number of levels of this place that you've seen.
                   A       B       C       D       E      F
               +-------+-------+-------+-------+-------+----------------------
         Total | 100.0 | 100.0 |   0.4 |   2.1 |  16.5 | 201.8
       Dungeon | 100.0 | 100.0 |   0.4 |   2.1 |  16.5 | 201.8
               +-------+-------+-------+-------+-------+----------------------

Table legend:
 A = Kills in this place as a percentage of kills in entire the game.
 B = Kills by you in this place as a percentage of kills by you in the entire game.
 C = Kills by friends in this place as a percentage of kills by friends in the entire game.
 D = Other kills in this place as a percentage of other kills in the entire game.
 E = Experience gained in this place as a percentage of experience gained in the entire game.
 F = Experience gained in this place divided by the number of levels of this place that you have seen.
                   A       B       C       D       E      F
               +-------+-------+-------+-------+-------+----------------------
         Total | 100.0 | 100.0 |  -nan |  -nan | 100.0 | 266.8
       Dungeon | 100.0 | 100.0 |  -nan |  -nan | 100.0 | 266.8
               +-------+-------+-------+-------+-------+----------------------

Vault maps used:
D:1:      lemuel_arrival_behind_the_door_large, st_stairs_13
D:2:      chequers_temple_overflow_minitemple, small_statue_intersection
D:3:      uniq_terence
D:4:      tgw_fedhas
D:5:      grunt_temple_overflow_octagram, serial_park, first_bread
D:6:      serial_shops, kennysheep_mini_moat, nicolae_shop_crystal,
          nicolae_shop_window_shopping, shop_statue, nicolae_shop_trees,
          uniq_eustachio
